 Dungeon Crawl Stone Soup version 0.30.1-9-gdf580d7c3d (webtiles) character file.

Game seed: 8334432389240982915

1117 VictoriousLee the Tainter (level 8, -1/43 (46) HPs)
             Began as an Octopode Venom Mage on Oct 10, 2023.
             Killed by an exploding wight (19 damage)
             ... ignited by their inner flame
             ... on level 6 of the Dungeon on Oct 11, 2023.
             The game lasted 00:45:27 (6443 turns).

VictoriousLee the Tainter (Octopode Venom Mage)     Turns: 6443, Time: 00:45:27

HP:   -1/43 (46)    AC:  2    Str:  7    XL:     8   Next: 34%
MP:   12/15         EV: 13    Int: 19    God:
Gold: 331           SH:  0    Dex: 13    Spells: 8/17 levels left

rFire   + + .        H - +4 mace (venom)
rCold   . . .        (no shield)
rNeg    . . .        K - +1 hat
rPois   +            D - amulet of the acrobat
rElec   .            b - ring of willpower
rCorr   +            h - ring of resist corrosion
SInv    +            u - ring of see invisible
Will    +....        v - ring of protection from fire
Stlth   +++          (no ring)
HPRegen 0.27/turn    (no ring)
MPRegen 0.14/turn    (no ring)
                     (no ring)

%: acrobat
@: drained
A: almost no armour, amphibious, 8 rings, camouflage 1, gelatinous body 1,
(nimble swimmer 1), tentacles, see invisible, fire resistance 1, poison
resistance
a: no special abilities


You were on level 6 of the Dungeon.
You visited 1 branch of the dungeon, and saw 8 of its levels.
You also visited: Sewer and Ossuary.

You collected 331 gold pieces.

Inventory:

Hand Weapons
 c - a +0 long sword
 f - a +2 heavy hand axe
 g - a +0 dagger
 k - a +0 short sword
 r - a +0 sling
 t - a +0 hand axe
 H - a +4 mace of venom (weapon)
Missiles
 s - 30 stones
 G - 5 atropa-tipped darts
 J - 6 poisoned darts
Armour
 K - a +1 hat (worn)
 P - an orb of light
Magical Staves
 e - a staff of death
Jewellery
 b - a ring of willpower (left tentacle)
 h - a ring of resist corrosion (right tentacle)
 u - a ring of see invisible (on tentacle)
 v - a ring of protection from fire (on tentacle)
 D - an amulet of the acrobat (around mantle)
Wands
 d - a wand of iceblast (9)
Scrolls
 i - 2 scrolls of fear {unknown}
 j - a scroll of teleportation {unknown}
 l - 2 scrolls of immolation
 m - 2 scrolls of magic mapping {unknown}
 n - 4 scrolls of fog {unknown}
 o - 2 scrolls of vulnerability {unknown}
 q - 2 scrolls of acquirement {unknown}
 x - 2 scrolls of noise {unknown}
 y - a scroll of silence {unknown}
 E - 2 scrolls of enchant armour {unknown}
 F - a scroll of amnesia {unknown}
 M - 3 scrolls of blinking {unknown}
Potions
 a - a potion of magic
 p - 4 potions of mutation
 z - 3 potions of degeneration
 A - 3 potions of flight
 C - 3 potions of curing
 I - 2 potions of brilliance
 L - a potion of resistance
 N - a potion of heal wounds {unknown}
 O - a potion of invisibility {unknown}


   Skills:
 - Level 2.0 Dodging
 - Level 2.6 Stealth
 - Level 5.0 Spellcasting
 - Level 2.0 Transmutations
 * Level 5.1 Earth Magic
 - Level 8.0 Poison Magic


You had 8 spell levels left.
You knew the following spells:

 Your Spells              Type           Power      Damage    Failure   Level
a - Sting                 Tmut/Pois      92%        1d7       1%          1
b - Poisonous Vapours     Pois/Air       38%        N/A       3%          2
o - Olgreb's Toxic Radia  Pois           35%        N/A       4%          4
p - Passwall              Tmut/Erth      15%        N/A       4%          2

Your spell library contained the following spells:

 Spells                   Type           Power      Damage    Failure   Level
 Summon Small Mammal      Summ           16%        N/A       12%         1
 Mephitic Cloud           Conj/Pois/Air  14%        N/A       13%         3
 Ensorcelled Hibernation  Hex/Ice        8%         N/A       19%         2
 Call Canine Familiar     Summ           4%         N/A       36%         3
 Ozocubu's Armour         Ice            4%         N/A       36%         3
 Summon Guardian Golem    Hex/Summ       4%         N/A       36%         3
 Swiftness                Air            4%         N/A       36%         3
 Volatile Blastmotes      Fire/Tloc      8%         2d10      36%         3
 Lee's Rapid Deconstruct  Erth           12%        3d8*      38%         5
 Fulminant Prism          Conj/Hex       2%         3d5       77%         4
 Iskenderun's Mystic Bla  Conj/Tloc      4%         2d3       77%         4
 Ozocubu's Refrigeration  Ice            2%         4d7       100%        7


Dungeon Overview and Level Annotations

Branches:
Dungeon (8/15)              Sewer (visited)         Ossuary (visited)
 Temple: D:4-7         Lair: D:8-11

Altars:
Fedhas
Zin


Innate Abilities, Weirdness & Mutations

You cannot wear most types of armour.
You are amphibious.
You can wear up to eight rings at the same time.
Your skin changes colour to match your surroundings (Stealth+).
Your rubbery body absorbs attacks. (AC +1, EV +1)
((You are camouflaged when in or above water. (Stealth+)))
You have tentacles for arms and can constrict up to eight enemies at once.
You have supernaturally acute eyesight. (SInv)
Your flesh is heat resistant. (rF+)
Your system is resistant to poisons. (rPois)


Message History

Press: ? - help, Q - select action, (/) - cycle Shift-Dir - straight line, f - you
Okay, then.
Throw: 6 darts (atropa)
Press: ? - help, Shift-Dir - straight line, f - iguana
Aim: an iguana (moderately wounded, 60% to hit, chance to blind on hit: 83%)
You throw an atropa-tipped dart.
The atropa-tipped dart barely misses the wight.
The atropa-tipped dart hits the iguana.
The iguana appears confused.
The iguana is moderately wounded.
Okay, then.
The iguana seems less confused.
Sorry, you're not good enough to have a special ability.
Unknown command.
Really read the scroll of immolation?
As you read the scroll of immolation, it crumbles to dust.
The creatures around you are filled with an inner flame!
You recover from your berserk rage.
The iguana is no longer blind.
Your extra speed is starting to run out.
Aiming: Sting (safe; 1% risk of failure)
Press: ? - help, Q - select action, (/) - cycle Shift-Dir - straight line, f - you
Okay, then.
Aiming: Sting (safe; 1% risk of failure)
Press: ? - help, Q - select action, (/) - cycle Shift-Dir - straight line, f - wight
Aim: a wight, wielding a +2 falchion of protection and wearing a +0 robe (heavily damaged, inner flame, 76% to hit)
The sting misses the wight.
You feel yourself slow down.
Aiming: Sting (safe; 1% risk of failure)
Press: ? - help, Q - select action, (/) - cycle Shift-Dir - straight line, f/p - wight
Aim: a wight, wielding a +2 falchion of protection and wearing a +0 robe (heavily damaged, inner flame, 76% to hit)
The sting hits the wight but does no damage.
The wight is heavily damaged.
Aiming: Sting (safe; 1% risk of failure)
Press: ? - help, Q - select action, (/) - cycle Shift-Dir - straight line, f/p - wight
Aim: a wight, wielding a +2 falchion of protection and wearing a +0 robe (heavily damaged, inner flame, 76% to hit)
The sting misses the wight.
You thump the wight!
The wight explodes!
The fiery explosion engulfs you!! You resist.
You die...

##### ##...##
##.....## ##.......##
#.........#########
#........).)<.....#
####........)#######.#
#.............<.#
#.####.....####@# #.#
##...## #§####
#.######.## #§#..
#........# #.#.#
#..####### #l#.# #..#
#.z.# #..# ###.# #..#
#.# #..# #.#


You could see an iguana (inner flame) and a wight (inner flame).

Vanquished Creatures
  A water moccasin (D:8)
  An ogre (D:5)
  A scorpion (D:6)
  2 water moccasin zombies (Ossuary)
  2 wights
  3 centaur zombies (Ossuary)
  4 orc priests
  A sleepcap (D:4)
  5 orc wizards
  2 ogre zombies (Ossuary)
  4 gnolls
  11 adders
  3 river rats
  An ufetubus (D:6)
  An adder zombie (Ossuary)
  A worm (D:3)
  4 dart slugs
  15 orcs
  3 bats
  6 endoplasms
  6 giant cockroaches
  A gnoll zombie (Ossuary)
  7 goblins
  8 hobgoblins
  5 jackals
  3 quokkas
  9 ball pythons
  7 frilled lizards
  4 goblin zombies (Ossuary)
  A hobgoblin zombie (Ossuary)
  9 kobolds
  3 orc zombies (Ossuary)
  17 rats
151 creatures vanquished.

Notes
Turn   | Place    | Note
-------+----------+-------------------------------------------
     0 | D:1      | VictoriousLee the Octopode Venom Mage began the quest for
                  | the Orb.
     0 | D:1      | Reached XP level 1. HP: 11/11 MP: 3/3
    18 | D:1      | Reached skill level 4 in Poison Magic
    18 | D:1      | Reached XP level 2. HP: 11/17 MP: 1/5
   129 | D:1      | Learned a level 2 spell: Poisonous Vapours
   292 | D:1      | Reached skill level 5 in Poison Magic
   292 | D:1      | Reached XP level 3. HP: 21/21 MP: 2/6
  1266 | D:2      | Reached XP level 4. HP: 25/27 MP: 2/7
  1271 | D:2      | Learned a level 4 spell: Olgreb's Toxic Radiance
  1623 | D:2      | Reached skill level 6 in Poison Magic
  2218 | D:3      | Found a glowing drain.
  2227 | D:3      | Reached XP level 5. HP: 27/31 MP: 2/8
  2233 | Sewer    | Entered a sewer
  2815 | D:3      | Reached skill level 7 in Poison Magic
  2867 | D:3      | Learned a level 2 spell: Passwall
  2984 | D:3      | Reached XP level 6. HP: 36/36 MP: 2/10
  3067 | D:3      | Reached skill level 1 in Earth Magic
  3342 | D:3      | Found a faded altar of an unknown god.
  3344 | D:3      | Found a blossoming altar of Fedhas.
  3640 | D:3      | Gained mutation: Your flesh is heat resistant. (rF+)
                  | [potion of mutation]
  3640 | D:3      | Gained mutation: Your system is resistant to poisons.
                  | (rPois) [potion of mutation]
  3640 | D:3      | Gained mutation: You have supernaturally acute eyesight.
                  | (SInv) [potion of mutation]
  4022 | D:4      | Found a sand-covered staircase.
  4030 | Ossuary  | Entered an ossuary
  4274 | Ossuary  | Reached XP level 7. HP: 34/41 MP: 13/13
  4754 | Ossuary  | Noticed a silent spectre
  5096 | D:4      | Found a glowing silver altar of Zin.
  5617 | D:4      | Reached skill level 8 in Poison Magic
  5622 | D:4      | Reached skill level 5 in Spellcasting
  5931 | D:5      | Entered Level 5 of the Dungeon
  6028 | D:5      | Reached XP level 8. HP: 46/46 MP: 5/15
  6099 | D:5      | You fall into a shaft and drop 3 floors!
  6388 | D:6      | Reached skill level 5 in Earth Magic
  6443 | D:6      | Killed by an exploding wight... ignited by their inner
                  | flame

Illustrated notes

Levels and vault maps discovered:
D:1:      scummos_arrival_star, layout_basic, serial_corexii_hall,
          corexii_hall_statues_i, corexii_hall_statues_t, minmay_quantized
D:2:      layout_basic
D:3:      layout_basic, nicolae_overflow_ecumenical_swirl,
          cheibrodos_sewer_entry_sluice
D:4:      layout_layer_cave, kennysheep_little_box,
          lightli_ossuary_entry_decrepit_ruins, st_stairs_4, grunt_ministairs_8,
          nicolae_zen_rock_garden
D:5:      layout_cave_pods
D:6:      layout_loops_ring, mainiacjoe_overflow_catwalk_spiral,
          minmay_temple_entry_offerings
D:7:      layout_layer_cave, nzn_hepliaklqana_mist_gate,
          nicolae_overflow_hidden_temple, enter_bailey_3
D:8:      nicolae_cairo_tiling, layout_basic, mainiacjoe_overflow_chevrons,
          serial_shops, shop

Skill      XL: |  1  2  3  4  5  6  7  8 |
---------------+-------------------------+-----
Poison Magic   | 4 5 6 7 8 |  8.0
Spellcasting   | 3 4 5 |  5.0
Earth Magic    | 1 3 5 |  5.1
Transmutations | 2 |  2.0
Dodging        | |  2.0
Stealth        | |  2.6

Action                     |  1- 3 |  4- 6 |  7- 9 || total
---------------------------+-------+-------+-------++-------
  Melee: Unarmed           |     3 |       |       ||     3
         Constrict         |    17 |    39 |    11 ||    67
         Tentacles         |    12 |    40 |    20 ||    72
         Whip              |    46 |   102 |       ||   148
         Mace              |       |    34 |    67 ||   101
         Punch             |       |     3 |     2 ||     5
  Throw: Dart              |       |     1 |     1 ||     2
   Cast: Sting             |    34 |    30 |     6 ||    70
         Poisonous Vapours |     1 |    34 |     9 ||    44
         Olgreb's Toxic Ra |       |     3 |     7 ||    10
    Use: Scroll            |     2 |     3 |     5 ||    10
         Potion            |       |     1 |     3 ||     4
   Stab: Sleeping          |     1 |     2 |     2 ||     5
 Armour: Skin              |     1 |    10 |     4 ||    15
  Dodge: Dodged            |    31 |    89 |    59 ||   179
